 Dungeon Crawl Stone Soup version 0.26.1-11-gd32895ea62 (webtiles) character file.

Game seed: 10595578781288568736

3048 Tirrikindir the Ruffian (level 9, -6/65 HPs)
             Began as a Demonspawn Artificer on June 14, 2021.
             Was a Priest of Dithmenos.
             Mangled by an orc warrior
             ... wielding a +0 trident
              (10 damage)
             ... on level 7 of the Dungeon.
             The game lasted 00:18:54 (7668 turns).

Tirrikindir the Ruffian (Demonspawn Artificer)      Turns: 7668, Time: 00:18:54

Health: -6/65      AC: 13    Str: 16    XL:     9   Next: 57%
Magic:  12/12      EV: 10    Int: 12    God:    Dithmenos [***...]
Gold:   402        SH:  9    Dex: 14    Spells: 8/8 levels left

rFire    . . .     SeeInvis .     - Unarmed
rCold    . . .     Faith    .   u - +0 kite shield
rNeg     . . .     Spirit   .   g - +4 ring mail
rPois    .         Reflect  .   (no helmet)
rElec    .         Harm     .   t - +1 cloak
rCorr    .         Rampage  .   (no gloves)
Will     .....                  p - +0 pair of boots
Stlth    +.........             (no amulet)
HPRegen  0.20/turn              (no ring)
MPRegen  0.13/turn              (no ring)

@: hasted, wreathed by umbra, very quick
A: claws 2, powered by death 1
a: Renounce Religion, Shadow Step


You were on level 7 of the Dungeon.
You worshipped Dithmenos.
Dithmenos was most pleased with you.
You visited 2 branches of the dungeon, and saw 8 of its levels.

You collected 402 gold pieces.

Inventory:

Hand Weapons
 a - a +0 club
 q - a +0 flail
Missiles
 v - 10 boomerangs (quivered)
Armour
 g - a +4 ring mail (worn)
 p - a +0 pair of boots (worn)
 t - a +1 cloak (worn)
 u - a +0 kite shield (worn)
Wands
 c - a wand of flame (25)
 d - a wand of enslavement (14)
 e - a wand of random effects (15)
Scrolls
 f - a scroll of fog
 h - 2 scrolls of teleportation
 m - 3 scrolls of enchant weapon
 n - a scroll of fear
 o - a scroll of blinking {unknown}
 r - 6 scrolls of remove curse
 s - 2 scrolls of enchant armour
 y - a scroll of amnesia {unknown}
Potions
 b - a potion of brilliance
 i - 2 potions of flight
 j - 2 potions of cancellation
 x - 2 potions of mutation {unknown}


   Skills:
 - Level 4.0 Fighting
 - Level 0.2 Maces & Flails
 + Level 3.6 Throwing
 - Level 4.0 Armour
 - Level 4.0 Dodging
 - Level 0.8 Stealth
 - Level 4.0 Shields
 * Level 7.7 Unarmed Combat
 - Level 5.0 Invocations
 - Level 3.0 Evocations


You had 8 spell levels left.
You didn't know any spells.
Your spell library was empty.

Dungeon Overview and Level Annotations

Branches:
Dungeon (7/15)             Temple (1/1) D:4

Altars:
Ashenzari
Cheibriados
Dithmenos
Elyvilon
Fedhas
Gozag
Makhleb
Nemelex Xobeh
Okawaru
Qazlal
Ru
Sif Muna
Trog
Uskayaw
Vehumet
Wu Jian
Xom
Yredelemnul
Zin
The Shining One


Innate Abilities, Weirdness & Mutations

You have very sharp fingernails.
You regenerate a little health from kills.


Message History

Aiming: Throw Flame
Press: ? - help, Shift-Dir - straight line, f - orc warrior
Aim: an orc warrior, wielding a +0 trident, wearing a +0 chain mail and carrying a wand of paralysis (3) (umbra, 32% to evade)
The puff of flame hits the orc warrior.
The orc warrior is lightly wounded.
Aiming: Throw Flame
Press: ? - help, Shift-Dir - straight line, f/p - orc warrior
Aim: an orc warrior, wielding a +0 trident, wearing a +0 chain mail and carrying a wand of paralysis (3) (lightly wounded, umbra, 32% to evade)
The puff of flame hits the orc warrior.
The orc warrior is moderately wounded.
The orc warrior zaps a wand.
You easily resist.
The orc warrior hits you with a +0 trident!
* * * LOW HITPOINT WARNING * * *
You see here a howler monkey corpse.
You scratch the orc warrior.
The orc warrior is heavily wounded.
The orc warrior hits you but does no damage.
You feel yourself speed up. The orc warrior barely misses you.
The orc warrior hits you from afar with a +0 trident!
You die...

###### ##### #....# #....
####################..).#####....
............))..@†oo........)..>.
####....############....#####....
####..(.##.)...)........# #.o..
...........########.....# #....
...........# .........# #....
...........# ........## ##oo.
.......##### #######.#######o..
.......# #.#≈≈≈≈≈#... ......)#
#.#######.).


You could see an orc warrior and an orc.

Vanquished Creatures
  3 yaks (D:6)
  Duvessa (D:7)
  3 orc warriors
  A sky beast (D:7)
  2 ice beasts
  A black bear (D:6)
  An ogre (D:7)
  A centaur (D:5)
  4 bullfrogs
  A gnoll sergeant (D:5)
  Dowan (D:7)
  7 wights
  3 howler monkeys
  A jelly (D:7)
  A crimson imp (D:6)
  3 hounds
  2 orc priests (D:7)
  Crazy Yiuf (D:5)
  An iguana (D:4)
  7 orc wizards
  5 worker ants
  A hound zombie (D:5)
  A hound skeleton (D:4)
  6 gnolls
  7 adders
  3 ufetubi
  2 oozes
  2 worms
  3 dart slugs
  5 leopard geckos
  33 orcs
  5 giant cockroaches
  8 hobgoblins
  19 jackals
  7 kobolds
  4 quokkas
  8 bats
  9 frilled lizards
  4 goblins
  A jackal zombie (D:7)
  A leopard gecko skeleton (D:4)
  A quokka skeleton (D:6)
  A quokka zombie (D:7)
  11 rats
192 creatures vanquished.

Notes
Turn   | Place    | Note
-------+----------+-------------------------------------------
     0 | D:1      | Tirrikindir the Demonspawn Artificer began the quest for
                  | the Orb.
     0 | D:1      | Reached XP level 1. HP: 15/15 MP: 1/1
   539 | D:1      | Gained mutation: You have sharp fingernails. [demonic
                  | ancestry]
   539 | D:1      | Reached XP level 2. HP: 3/21 MP: 2/2
   803 | D:1      | Reached skill level 1 in Dodging
  1610 | D:2      | Reached skill level 1 in Unarmed Combat
  1610 | D:2      | Gained mutation: You have very sharp fingernails. [demonic
                  | ancestry]
  1610 | D:2      | Reached XP level 3. HP: 22/27 MP: 3/3
  1889 | D:2      | Found a basalt altar of Yredelemnul.
  1893 | D:2      | Found a sacrificial altar of Ru.
  1895 | D:2      | Found a shimmering blue altar of Sif Muna.
  1896 | D:2      | Found an ornate altar of the Wu Jian Council.
  1897 | D:2      | Found a glowing silver altar of Zin.
  1899 | D:2      | Found a radiant altar of Vehumet.
  1965 | D:2      | Reached XP level 4. HP: 18/33 MP: 4/4
  2730 | D:3      | Reached skill level 2 in Unarmed Combat
  2843 | D:3      | Found a shadowy altar of Dithmenos.
  2855 | D:3      | Became a worshipper of Dithmenos the Shadowed
  2923 | D:3      | Reached XP level 5. HP: 38/39 MP: 5/5
  2930 | D:3      | Reached skill level 1 in Invocations
  3344 | D:4      | Found a stormy altar of Qazlal.
  3502 | D:4      | Reached XP level 6. HP: 45/46 MP: 7/7
  3643 | D:4      | Reached skill level 3 in Unarmed Combat
  3758 | D:4      | Found a staircase to the Ecumenical Temple.
  3778 | Temple   | Entered the Ecumenical Temple
  4239 | D:4      | Reached * piety under Dithmenos
  4414 | D:5      | Entered Level 5 of the Dungeon
  4431 | D:5      | Reached XP level 7. HP: 49/52 MP: 8/8
  4957 | D:5      | Found a shimmering altar of Xom.
  4963 | D:5      | Found a sparkling altar of Nemelex Xobeh.
  5054 | D:5      | Found a runed translucent door.
  5055 | D:5      | Noticed Crazy Yiuf
  5063 | D:5      | Killed Crazy Yiuf
  5064 | D:5      | Reached skill level 4 in Unarmed Combat
  5092 | D:5      | Found a blossoming altar of Fedhas.
  5230 | D:6      | Noticed a yak
  5230 | D:6      | Noticed a yak
  5230 | D:6      | Noticed a yak
  5246 | D:6      | Killed a yak
  5247 | D:6      | Reached skill level 1 in Shields
  5260 | D:6      | Killed a yak
  5261 | D:6      | Reached XP level 8. HP: 35/60 MP: 10/10
  5664 | D:6      | Reached ** piety under Dithmenos
  5665 | D:6      | Reached skill level 5 in Unarmed Combat
  5773 | D:6      | Found a broken altar of Ashenzari.
  5907 | D:6      | Found a burning altar of Makhleb.
  6337 | D:6      | Reached skill level 5 in Invocations
  6427 | D:6      | Reached skill level 1 in Throwing
  6618 | D:7      | Noticed a gargoyle
  6638 | D:6      | Reached skill level 6 in Unarmed Combat
  6865 | D:7      | Gained mutation: You regenerate a little health from kills.
                  | [demonic ancestry]
  6865 | D:7      | Reached XP level 9. HP: 64/65 MP: 12/12
  6911 | D:7      | Noticed Dowan
  6912 | D:7      | Noticed Duvessa
  6931 | D:7      | Killed Duvessa
  6970 | D:7      | Killed Dowan
  7241 | D:7      | Reached skill level 7 in Unarmed Combat
  7257 | D:7      | HP: 1/65 [gargoyle/stone arrow (14)]
  7266 | D:7      | Reached *** piety under Dithmenos
  7655 | D:7      | Paralysed by an orc warrior for 2 turns
  7668 | D:7      | Mangled by an orc warrior

Illustrated notes

Levels and vault maps discovered:
D:1:      psy_arrival_spokes, layout_basic
D:2:      minmay_inner_zag, layout_basic, minitemple
D:3:      layout_rooms, nicolae_dithmenos_through_a_glass_darkly,
          minmay_misc_feat_chi
D:4:      layout_rooms, minmay_temple_entry_glass, minmay_misc_feat_x,
          grunt_ministairs_15, grunt_qazlal_clouds
D:5:      layout_cave_pools, kennysheep_little_box, overflow_temple_1_default,
          basic_altar, uniq_crazy_yiuf_cottage
D:6:      layout_basic, makhleb_grotto_becter, old_standard_altar
D:7:      layout_basic, serial_aquarium, aquarium_bridge_square
          [aquarium_subvault_bridge, aquarium_subvault_wall,
          aquarium_subvault_window, aquarium_subvault_bridge],
          aquarium_window_double, aquarium_window_corridor_3, aquarium_view_2e,
          aquarium_view_2d, aquarium_pool_double, lemuel_angel_altar,
          uniq_duvessa
Temple:   compressed_dpeg_triangle_lava_temple

Skill      XL: |  1  2  3  4  5  6  7  8  9 |
---------------+----------------------------+-----
Armour         | 2 3 4 |  4.0
Dodging        | 1 2 3 4 |  4.0
Unarmed Combat | 1 2 3 4 6 7 |  7.7
Fighting       | 2 3 4 |  4.0
Invocations    | 1 2 3 5 |  5.0
Shields        | 1 3 4 |  4.0
Throwing       | 2 3 |  3.6
Maces & Flails | |  0.2
Stealth        | |  0.8
Evocations     | |  3.0

Action                   |  1- 3 |  4- 6 |  7- 9 || total
-------------------------+-------+-------+-------++-------
Melee: Club              |    36 |       |       ||    36
       Unarmed           |   114 |   243 |   402 ||   759
       Punch             |     1 |     3 |     3 ||     7
Throw: Boomerang         |       |       |    19 ||    19
Evoke: Wand              |     1 |     1 |    12 ||    14
  Use: Scroll            |     3 |     8 |     4 ||    15
       Potion            |       |       |     9 ||     9
 Stab: Sleeping          |     3 |       |       ||     3
Armor: Leather armour    |    17 |       |       ||    17
       Ring mail         |    43 |   110 |   176 ||   329
Dodge: Dodged            |    81 |   140 |   229 ||   450
Block: Kite shield       |       |       |    86 ||    86
